 Dungeon Crawl Stone Soup version 0.27-a0-103-g6cd7b45605 (webtiles) character file.

Game seed: 9110075670500762609

6545 mortress the Martial Artist (level 11, 83/83 HPs)
             Began as a Gnoll Transmuter on Jan 18, 2021.
             Was an Initiate of Gozag.
             Quit the game on level 9 of the Dungeon on Jan 22, 2021.
             The game lasted 00:50:05 (10672 turns).

mortress the Martial Artist (Gnoll Transmuter)     Turns: 10672, Time: 00:50:06

Health: 83/83      AC: 11    Str: 12    XL:     11   Next: 1%
Magic:  22/22      EV: 13    Int: 19    God:    Gozag
Gold:   424        SH:  0    Dex: 19    Spells: 13/25 levels left

rFire    + . .     SeeInvis .   u - +7 spear of Symmetry {speed, +Inv rF+ Dex+3} (curse)
rCold    . . .     Faith    .   (no shield)
rNeg     . . .     Spirit   .   y - +1 acid dragon scales (curse)
rPois    +         Reflect  .   (no helmet)
rElec    .         Harm     .   z - +1 cloak {Will+}
rCorr    +         Rampage  .   t - +0 pair of gloves
Will     +....                  (no boots)
Stlth    ++........             (no amulet)
HPRegen  0.23/turn              G - -4 ring of slaying (curse)
MPRegen  0.18/turn              d - ring of poison resistance (curse)

@: no status effects
A: distributed training, fangs 1, strong nose
a: Renounce Religion, Evoke Invisibility, Potion Petition, Call Merchant, Bribe
Branch


You were on level 9 of the Dungeon.
You worshipped Gozag.
Gozag was aware of your devotion.
You visited 2 branches of the dungeon, and saw 10 of its levels.

You collected 771 gold pieces.
You spent 176 gold pieces at shops.
You paid 171 gold pieces to Gozag.

Inventory:

Hand Weapons
 u - the cursed +7 spear of Symmetry (weapon) {speed, +Inv rF+ Dex+3}
   (You found it on level 5 of the Dungeon)

   Attacks with this weapon are significantly faster.
   It affects your dexterity (+3).
   It protects you from fire.
   It lets you turn invisible.
   It has a curse placed upon it.
Missiles
 g - 2 throwing nets
 l - 6 poisoned darts (quivered)
 B - 6 datura-tipped darts
 F - 4 curare-tipped darts
Armour
 t - a +0 pair of gloves (worn)
 y - cursed +1 acid dragon scales (worn)
 z - a +1 cloak of willpower (worn)
Jewellery
 d - a cursed ring of poison resistance (right hand)
 s - a +6 ring of dexterity
 v - a +6 ring of dexterity
 G - a cursed -4 ring of slaying (left hand)
Wands
 a - a wand of enslavement (5)
 n - a wand of acid (8)
 o - a wand of iceblast (16)
 w - a wand of disintegration (6)
 C - a wand of flame (16)
Scrolls
 c - 2 scrolls of amnesia
 f - a scroll of enchant weapon {unknown}
 h - 3 scrolls of teleportation
Potions
 b - 2 potions of haste
 e - 5 potions of brilliance
 i - a potion of heal wounds
 j - a potion of cancellation
 k - 2 potions of attraction
 m - 4 potions of curing
 p - a potion of degeneration {unknown}
 q - 3 potions of flight
 r - a potion of lignification
 x - a potion of berserk rage
 A - a potion of magic
 D - a potion of ambrosia
Miscellaneous
 H - a phantom mirror


   Skills:
 + Level 6.4(3.2) Fighting
 + Level 5.8(2.9) Short Blades
 + Level 5.8(2.9) Long Blades
 + Level 5.8(2.9) Axes
 + Level 5.8(2.9) Maces & Flails
 + Level 5.8(2.9) Polearms
 + Level 5.8(2.9) Staves
 + Level 5.8(2.9) Slings
 + Level 5.8(2.9) Bows
 + Level 5.8(2.9) Crossbows
 + Level 5.8(2.9) Throwing
 + Level 5.8(2.9) Armour
 + Level 7.5(3.7) Dodging
 + Level 5.8(2.9) Stealth
 + Level 5.8(2.9) Shields
 + Level 8.9(4.9) Unarmed Combat
 + Level 7.7(3.8) Spellcasting
 + Level 4.8(2.4) Conjurations
 + Level 4.8(2.4) Hexes
 + Level 4.8(2.4) Summonings
 + Level 4.8(2.4) Necromancy
 + Level 4.8(2.4) Translocations
 + Level 6.2(3.1) Transmutations
 + Level 4.8(2.4) Fire Magic
 + Level 4.8(2.4) Ice Magic
 + Level 4.8(2.4) Air Magic
 + Level 4.8(2.4) Earth Magic
 + Level 4.8(2.4) Poison Magic
 + Level 6.4(3.2) Invocations
 + Level 5.8(2.9) Evocations


You had 13 spell levels left.
You knew the following spells:

 Your Spells              Type           Power        Failure   Level
a - Beastly Appendage     Tmut           30%          5%          1
b - Wereblood             Tmut           15%          9%          2
c - Spider Form           Tmut/Pois      7%           21%         3
d - Tukima's Dance        Hex            12%          22%         3
e - Gell's Gravitas       Tloc           6%           22%         3

Your spell library contained the following spells:

 Spells                   Type           Power        Failure   Level
 Corona                   Hex            13%          8%          1
 Magic Dart               Conj           48%          8%          1
 Shock                    Conj/Air       48%          8%          1
 Blink                    Tloc           N/A          12%         2
 Call Imp                 Summ           12%          12%         2
 Ensorcelled Hibernation  Hex/Ice        24%          12%         2
 Slow                     Hex            12%          12%         2
 Swiftness                Air            12%          12%         2
 Confusing Touch          Hex            12%          22%         3
 Conjure Flame            Conj/Fire      12%          22%         3
 Dazzling Flash           Conj/Hex       24%          22%         3
 Mephitic Cloud           Conj/Pois/Air  12%          22%         3
 Static Discharge         Conj/Air       12%          22%         3
 Ice Form                 Ice/Tmut       14%          54%         4
 Petrify                  Tmut/Erth      14%          54%         4
 Airstrike                Air            6%           58%         4
 Blade Hands              Tmut           7%           83%         5
 Yara's Violent Unravell  Hex/Tmut       7%           88%         5
 Lightning Bolt           Conj/Air       6%           91%         5
 Metabolic Englaciation   Hex/Ice        6%           91%         5


Dungeon Overview and Level Annotations

Branches:
Dungeon (9/15)             Temple (1/1) D:5            Lair (0/6) D:9
    Orc: D:9-12

Altars:
Ashenzari
Cheibriados
Elyvilon
Fedhas
Gozag
Makhleb
Nemelex Xobeh
Okawaru
Qazlal
Ru
Vehumet
Wu Jian
Xom
Yredelemnul
Zin
The Shining One

Shops:
D:5 *?[=[   D:7 !   D:8 *

Annotations:
D:7 2 transporters, Guho's ghost, novice SpEn


Innate Abilities, Weirdness & Mutations

Your experience applies equally to all skills.
You have very sharp teeth.
Your uncanny sense of smell can sniff out nearby items.


Message History

H - a phantom mirror You open the door.
Found a cloak.
Found a glowing falchion.
There is an open door here.
You see here a glowing falchion.
As you read the scroll of identify, it crumbles to dust.
r - a potion of lignification
As you read the scroll of identify, it crumbles to dust.
x - a potion of berserk rage
As you read the scroll of identify, it crumbles to dust.
A - a potion of magic
As you read the scroll of identify, it crumbles to dust.
D - a potion of ambrosia You remove your +6 ring of dexterity.
You feel clumsy.
Oops, that ring feels deathly cold.
G - a cursed -4 ring of slaying (left hand)
Okay, then.
Are you sure you want to abandon this character and quit the game? (Confirm with "yes".)

......#.#.........#
......#.#.........+
......#.#.........#
#######.#.........#####
........#.............#
........#.....#####'#.#
........#.....#....[#
........#.....#.....#
.....>..+.....#.@...#
......###.....#)....#
......#.......#######
......#..........
......#..........
......'...........
......#........... ∆
......#..........
......#........##


There were no monsters in sight!

Vanquished Creatures
  Harold (D:7)
  Erica (D:8)
  Maurice (D:8)
  Maggie (D:6)
  Prince Ribbit (D:7)
  4 yaks (D:9)
  Menkaure (D:7)
  3 water moccasins
  2 orc warriors
  An ice beast (D:6)
  A phantom (D:4)
  2 sky beasts
  2 black bears
  4 ogres
  A necrophage (D:7)
  2 centaurs
  3 bullfrogs
  3 scorpions
  5 wights (D:8)
  A howler monkey (D:3)
  A crimson imp (D:8)
  2 quasits
  6 hounds
  3 bullfrog skeletons
  A centaur zombie (D:8)
  2 jellies
  4 orc wizards
  3 orc priests
  2 iguanas
  6 worker ants
  A killer bee zombie (D:8)
  2 hound zombies
  A hound skeleton (D:5)
  4 worker ant zombies
  6 gnolls
  16 adders
  A shadow imp (D:8)
  3 white imps
  3 ufetubi
  An adder skeleton (D:5)
  2 adder zombies (D:7)
  2 worms
  A dart slug (D:3)
  9 leopard geckos
  38 orcs
  A ball python (D:3)
  2 giant cockroaches
  6 goblins
  5 hobgoblins
  9 jackals
  3 quokkas
  3 bats
  6 frilled lizards
  A jackal skeleton (D:4)
  8 kobolds
  2 quokka skeletons
  3 rats (D:2)
209 creatures vanquished.

Vanquished Creatures (collateral kills)
  A yak (D:9)
1 creature vanquished.

Vanquished Creatures (others)
  A yak (D:9)
1 creature vanquished.

Grand Total: 211 creatures vanquished

Notes
Turn   | Place    | Note
-------+----------+-------------------------------------------
     0 | D:1      | mortress the Gnoll Transmuter began the quest for the Orb.
     0 | D:1      | Reached XP level 1. HP: 17/17 MP: 6/6
    42 | D:1      | You fall into a shaft and drop 1 floor!
    59 | D:2      | Reached XP level 2. HP: 16/23 MP: 7/7
   473 | D:2      | Noticed a water elemental
   478 | D:2      | Found a snail-covered altar of Cheibriados.
   660 | D:2      | Reached XP level 3. HP: 28/28 MP: 9/9
   747 | D:2      | Reached skill level 5 in Spellcasting
   751 | D:2      | Found a stormy altar of Qazlal.
   751 | D:2      | Noticed an earth elemental
   752 | D:2      | Noticed an air elemental
   752 | D:2      | Noticed a fire elemental
   809 | D:2      | Found a blossoming altar of Fedhas.
   825 | D:2      | Reached skill level 1 in Invocations
  1014 | D:2      | Reached skill level 1 in Short Blades
  1014 | D:2      | Reached skill level 1 in Long Blades
  1014 | D:2      | Reached skill level 1 in Axes
  1014 | D:2      | Reached skill level 1 in Maces & Flails
  1014 | D:2      | Reached skill level 1 in Polearms
  1014 | D:2      | Reached skill level 1 in Staves
  1014 | D:2      | Reached skill level 1 in Slings
  1014 | D:2      | Reached skill level 1 in Bows
  1014 | D:2      | Reached skill level 1 in Crossbows
  1014 | D:2      | Reached skill level 1 in Throwing
  1014 | D:2      | Reached skill level 1 in Armour
  1014 | D:2      | Reached skill level 1 in Stealth
  1014 | D:2      | Reached skill level 1 in Shields
  1014 | D:2      | Reached skill level 1 in Evocations
  1071 | D:2      | Reached XP level 4. HP: 28/34 MP: 9/11
  1638 | D:3      | Reached skill level 1 in Conjurations
  1638 | D:3      | Reached skill level 1 in Hexes
  1638 | D:3      | Reached skill level 1 in Summonings
  1638 | D:3      | Reached skill level 1 in Necromancy
  1638 | D:3      | Reached skill level 1 in Translocations
  1638 | D:3      | Reached skill level 1 in Fire Magic
  1638 | D:3      | Reached skill level 1 in Ice Magic
  1638 | D:3      | Reached skill level 1 in Air Magic
  1638 | D:3      | Reached skill level 1 in Earth Magic
  1638 | D:3      | Reached skill level 1 in Poison Magic
  2236 | D:3      | Reached XP level 5. HP: 31/40 MP: 12/12
  2517 | D:3      | Found a sparkling altar of Nemelex Xobeh.
  2781 | D:3      | Found a glowing golden altar of the Shining One.
  3263 | D:4      | Noticed a phantom
  3288 | D:4      | Killed a phantom
  3289 | D:4      | Reached skill level 5 in Dodging
  3289 | D:4      | Reached XP level 6. HP: 24/47 MP: 14/14
  3624 | D:4      | Learned a level 2 spell: Wereblood
  3628 | D:4      | Learned a level 3 spell: Spider Form
  3718 | D:4      | Found an ornate altar of the Wu Jian Council.
  4066 | D:4      | Reached XP level 7. HP: 49/52 MP: 13/15
  4339 | D:4      | Reached skill level 7 in Unarmed Combat
  4389 | D:4      | Found a glowing silver altar of Zin.
  4682 | D:5      | Entered Level 5 of the Dungeon
  4727 | D:5      | Found Wacau's Antique Armour Boutique.
  4744 | D:5      | Found Saggazuf's Jewellery Shop.
  4766 | D:5      | Found Obyeg's Antique Armour Shop.
  4770 | D:5      | Got a masterwork spear
  4782 | D:5      | Found a staircase to the Ecumenical Temple.
  4798 | Temple   | Entered the Ecumenical Temple
  4854 | Temple   | Became a worshipper of Ashenzari the Shackled
  5383 | D:5      | Identified the +7 spear of Symmetry {speed, +Inv rF+ Dex+3}
                  | (You found it on level 5 of the Dungeon)
  5404 | D:5      | Found Keosejor's Magic Scroll Boutique.
  5449 | D:5      | Found Liegeqe's General Store.
  5464 | D:5      | Bought a scroll of remove curse for 30 gold pieces
  5464 | D:5      | Bought a scroll of remove curse for 30 gold pieces
  5475 | D:5      | Reached XP level 8. HP: 36/60 MP: 16/16
  6232 | D:6      | Found a sparkling altar of Nemelex Xobeh.
  6258 | D:6      | Noticed Maggie
  6294 | D:6      | Killed Maggie
  6810 | D:6      | Reached skill level 5 in Transmutations
  6810 | D:6      | Reached XP level 9. HP: 64/66 MP: 18/18
  7152 | D:7      | Noticed Prince Ribbit
  7178 | D:7      | Found a transporter.
  7575 | D:7      | Killed Prince Ribbit
  7576 | D:7      | Reached skill level 5 in Fighting
  7968 | D:7      | Reached * piety under Ashenzari
  7990 | D:7      | Learned a level 3 spell: Tukima's Dance
  8031 | D:7      | Found Resoe's Distillery.
  8037 | D:7      | Noticed Menkaure
  8046 | D:7      | Upgraded the game from 0.27-a0-95-g5a9077b8ae to
                  | 0.27-a0-103-g6cd7b45605
  8048 | D:7      | Killed Menkaure
  8049 | D:7      | Reached skill level 8 in Unarmed Combat
  8094 | D:7      | Noticed Harold
  8121 | D:7      | Killed Harold
  8122 | D:7      | Reached skill level 5 in Invocations
  8122 | D:7      | Reached XP level 10. HP: 40/74 MP: 20/20
  8350 | D:7      | Bought a potion of heal wounds for 80 gold pieces
  8355 | D:7      | Noticed Guho's ghost (novice SpEn)
  8355 | D:7      | Identified the +9 great mace "Idone" {elec, Will++}
  8355 | D:7      | Noticed a two-headed ogre
  8478 | D:7      | Found a transporter.
  8650 | D:8      | Reached skill level 5 in Short Blades
  8650 | D:8      | Reached skill level 5 in Long Blades
  8650 | D:8      | Reached skill level 5 in Axes
  8650 | D:8      | Reached skill level 5 in Maces & Flails
  8650 | D:8      | Reached skill level 5 in Polearms
  8650 | D:8      | Reached skill level 5 in Staves
  8650 | D:8      | Reached skill level 5 in Slings
  8650 | D:8      | Reached skill level 5 in Bows
  8650 | D:8      | Reached skill level 5 in Crossbows
  8650 | D:8      | Reached skill level 5 in Throwing
  8650 | D:8      | Reached skill level 5 in Armour
  8650 | D:8      | Reached skill level 5 in Stealth
  8650 | D:8      | Reached skill level 5 in Shields
  8650 | D:8      | Reached skill level 5 in Evocations
  8693 | D:8      | Found a sacrificial altar of Ru.
  8759 | D:8      | Found a shimmering altar of Xom.
  8800 | D:8      | Learned a level 3 spell: Gell's Gravitas
  8864 | D:8      | Noticed Maurice
  8877 | D:8      | Killed Maurice
  8974 | D:8      | Found an opulent altar of Gozag.
  9075 | D:8      | Fell from the grace of Ashenzari
  9075 | D:8      | Became a worshipper of Gozag Ym Sagoz the Greedy
  9153 | D:8      | Found an iron altar of Okawaru.
  9173 | D:8      | Noticed Erica
  9206 | D:8      | Killed Erica
  9417 | D:8      | Found Ymaips's Serpentskin Sales.
  9459 | D:8      | Bought 4 curare-tipped darts for 36 gold pieces
  9512 | D:8      | Found a burning altar of Makhleb.
 10009 | D:9      | Found a staircase to the Lair.
 10455 | D:9      | Reached XP level 11. HP: 78/83 MP: 22/22
 10672 | D:9      | Quit the game

Illustrated notes

Levels and vault maps discovered:
D:1:      grunt_arrival_lava_bath, layout_basic
D:2:      layout_loops_corners, nicolae_overflow_hidden_temple,
          lemuel_crystal_altar, wad_floor_pattern_untrapped,
          nicolae_qazlal_style_of_elements
D:3:      layout_basic, tso_oasis_becter, nemelex_xobeh_ov_fountains_minmay,
          hangedman_glass_teeth
D:4:      layout_loops_cross, pdpol_wu_jian_five_deadly_venoms, zin_academy
D:5:      layout_basic, minmay_temple_entry_wispy, serial_shops, shop,
          nicolae_shop_behind_doors, nicolae_shop_competitors_out_of_business,
          nicolae_shop_window_shopping, shop, lemuel_old_faithful
D:6:      layout_gridville, st_stairs_5, nemelex_spade_bored_becter, uniq_maggie
D:7:      layout_cave_pools, gammafunk_ghost_smash, serial_shops, shop,
          uniq_prince_ribbit1, uniq_harold, uniq_menkaure
D:8:      layout_gridville, grunt_temple_overflow_champion_of_chaos,
          nicolae_ru_path_of_blood, lemuel_crystal_altar, grunt_gozag_statues,
          st_stairs_10, guppyfry_shop_venom, uniq_maurice, uniq_erica
D:9:      layout_irregular_city, dpeg_oklobed_lair
Temple:   minmay_temple_curvy_loop

Skill      XL: |  1  2  3  4  5  6  7  8  9 10 |
---------------+-------------------------------+-----
Spellcasting   | 5 6 7 |  7.7
Invocations    | 1 2 3 4 5 6 |  6.4
Short Blades   | 1 2 3 4 5 |  5.8
Long Blades    | 1 2 3 4 5 |  5.8
Axes           | 1 2 3 4 5 |  5.8
Maces & Flails | 1 2 3 4 5 |  5.8
Polearms       | 1 2 3 4 5 |  5.8
Staves         | 1 2 3 4 5 |  5.8
Slings         | 1 2 3 4 5 |  5.8
Bows           | 1 2 3 4 5 |  5.8
Crossbows      | 1 2 3 4 5 |  5.8
Throwing       | 1 2 3 4 5 |  5.8
Armour         | 1 2 3 4 5 |  5.8
Stealth        | 1 2 3 4 5 |  5.8
Shields        | 1 2 3 4 5 |  5.8
Evocations     | 1 2 3 4 5 |  5.8
Conjurations   | 1 2 3 4 |  4.8
Hexes          | 1 2 3 4 |  4.8
Summonings     | 1 2 3 4 |  4.8
Necromancy     | 1 2 3 4 |  4.8
Translocations | 1 2 3 4 |  4.8
Fire Magic     | 1 2 3 4 |  4.8
Ice Magic      | 1 2 3 4 |  4.8
Air Magic      | 1 2 3 4 |  4.8
Earth Magic    | 1 2 3 4 |  4.8
Poison Magic   | 1 2 3 4 |  4.8
Fighting       | 3 4 5 6 |  6.4
Transmutations | 4 5 6 |  6.2
Dodging        | 5 6 7 |  7.5
Unarmed Combat | 7 8 |  8.9

Action                   |  1- 3 |  4- 6 |  7- 9 | 10-12 || total
-------------------------+-------+-------+-------+-------++-------
Melee: Unarmed           |    81 |    47 |     6 |    19 ||   153
       Headbutt          |    10 |    11 |    30 |     2 ||    53
       Kick              |     9 |    17 |    38 |     2 ||    66
       Bite              |     5 |     7 |    35 |    38 ||    85
       Punch             |       |     2 |     7 |    11 ||    20
       Mace              |       |    66 |    58 |       ||   124
       Spear             |       |       |   223 |   261 ||   484
Throw: Dart              |       |       |     8 |     9 ||    17
 Cast: Beastly Appendage |    17 |    22 |    13 |     2 ||    54
       Spider Form       |       |     1 |     2 |     2 ||     5
       Wereblood         |       |       |       |     3 ||     3
       Gell's Gravitas   |       |       |       |     3 ||     3
       Tukima's Dance    |       |       |       |     2 ||     2
Invok: Curse Item        |       |       |     3 |       ||     3
Evoke: Wand              |       |       |     9 |     7 ||    16
  Use: Scroll            |       |       |     9 |     7 ||    16
       Potion            |       |       |       |     1 ||     1
 Stab: Distracted        |     1 |       |       |     3 ||     4
       Sleeping          |       |     2 |     9 |     1 ||    12
Armor: Robe              |    10 |     5 |    20 |       ||    35
       Acid dragon scale |       |       |     5 |    53 ||    58
       Skin              |       |       |       |     1 ||     1
Dodge: Dodged            |    45 |    95 |   176 |   135 ||   451

Table legend: (Time is in decaauts)
 A = Elapsed time spent in this place.
 B = Non-inter-level travel time spent in this place.
 C = Inter-level travel time spent in this place.
 D = Time resting spent in this place.
 E = Time spent auto-exploring this place.
 F = Levels seen in this place.
 G = Mean time per level.
                   A        B        C        D        E       F      G
               +--------+--------+--------+--------+--------+-----+--------+
         Total |  10485 |  10262 |    223 |   3653 |   4462 |  10 | 1048.5 |
       Dungeon |  10406 |  10183 |    223 |   3653 |   4416 |   9 | 1156.2 |
        Temple |     79 |     79 |      0 |      0 |     46 |   1 |   79.0 |
               +--------+--------+--------+--------+--------+-----+--------+

Top non-repeatable levels by time:
     D:3: 1642 daAuts
     D:2: 1530 daAuts
     D:4: 1478 daAuts
     D:5: 1446 daAuts
     D:6: 1233 daAuts
     D:7: 1096 daAuts
     D:9: 1064 daAuts
     D:8: 872 daAuts
  Temple: 79 daAuts
     D:1: 41 daAuts
